 Dungeon Crawl Stone Soup version 0.29.0-4-gdea44cf6ec (webtiles) character file.

Game seed: 10481167849972021511

2739 qw the Cleaver (level 9, -8/57 HPs)
             Began as a Gargoyle Berserker on Sept 4, 2022.
             Was a Priest of Trog.
             Mangled by an ogre
             ... wielding a +0 giant club
              (19 damage)
             ... on level 7 of the Dungeon.
             The game lasted 00:02:23 (7603 turns).

qw the Cleaver (Gargoyle Berserker)                 Turns: 7603, Time: 00:02:23

Health: -8/57      AC: 27    Str: 26    XL:     9   Next: 67%
Magic:  8/8        EV:  7    Int:  7    God:    Trog [***...]
Gold:   223        SH:  0    Dex:  9    Spells: 8/8 levels left

rFire   . . .      SeeInvis +   n - +3 hand axe (vamp)
rCold   . . .      Faith    .   (no shield)
rNeg    + . .      Spirit   .   h - +0 plate armour
rPois   inf        Reflect  .   o - +2 helmet
rElec   +          Harm     .   (no cloak)
rCorr   .          Rampage  .   k - +0 pair of gloves
Will    .....                   (no boots)
Stlth   ..........              (no amulet)
HPRegen 0.19/turn               d - +4 ring of protection
MPRegen 0.11/turn               e - ring of see invisible

@: on berserk cooldown, slowed, very slow
A: sickness immunity, AC +6, negative energy resistance 1, electricity
resistance, torment resistance 1, petrification resistance, low MP 1, mutation
resistance 1
a: Renounce Religion, Berserk, Trog's Hand


You were on level 7 of the Dungeon.
You worshipped Trog.
Trog was most pleased with you.
You visited 1 branch of the dungeon, and saw 7 of its levels.

You collected 272 gold pieces.
You spent 49 gold pieces at shops.


Innate Abilities, Weirdness & Mutations

You are immune to sickness and miasma.
Your stone body is resilient. (AC +6)
You are immune to poison.
You resist negative energy. (rN+)
You are resistant to electric shocks. (rElec)
You are resistant to unholy torment.
You are immune to petrification.
Your magical capacity is low. (-10% MP)
You are somewhat resistant to further mutation.


   Skills:
 - Level 7.1 Fighting
 + Level 9.6 Axes
 - Level 1.9 Throwing
 - Level 6.1 Armour
 - Level 1.5 Dodging


You had 8 spell levels left.
You didn't know any spells.
Your spell library was empty.

Inventory:

Hand Weapons
 i - a +0 flail
 n - a +3 vampiric hand axe (weapon)
Missiles
 c - a boomerang (quivered)
Armour
 h - a +0 plate armour (worn)
 k - a +0 pair of gloves (worn)
 o - a +2 helmet (worn)
Jewellery
 d - a +4 ring of protection (left hand)
 e - a ring of see invisible (right hand)
 m - a ring of protection from fire
 s - a +4 ring of evasion
Scrolls
 a - 5 scrolls of identify
Potions
 b - 2 potions of mutation
 f - a potion of haste
 g - a potion of might
 l - a potion of curing
 p - a potion of cancellation

Dungeon Overview and Level Annotations

Branches:
Dungeon (7/15)             Temple (0/1) D:5

Altars:
Elyvilon
Fedhas
Sif Muna
Xom
Yredelemnul
The Shining One

Shops:
D:2 *

Annotations:
D:4 1 runed translucent door
D:5 1 runed translucent door, Crazy Yiuf


Message History

The wight hits you but does no damage. The wight hits you with a +2 hand axe!
You closely miss the wight.
The wight is almost destroyed.
The wight hits you but does no damage. x2
You slice the wight!!
You destroy the wight!
Trog accepts your kill.
An ogre comes into view. It is wielding a +0 giant club.
The ogre shouts!
The wight hits you with a +3 trident.
Things that are here:
a +7 scimitar of freezing; a +0 robe You hit the wight.
The wight is moderately damaged.
You slash the wight!
You feel the power of Trog in you as your rage grows.
You destroy the wight!
Trog accepts your kill.
Things that are here:
a +3 trident; a +0 robe You feel a strong urge to attack something.
You are no longer berserk.
You are exhausted.
You feel yourself slow down. The ogre hits you but does no damage.
7599 ||| DRINKING 2 potions of heal wounds.
You feel much better.
The ogre hits you with a +0 giant club!!
7600 ||| DRINKING potion of heal wounds.
You feel much better. The ogre hits you with a +0 giant club!
You slash the ogre!
The ogre is moderately wounded.
The ogre hits you with a +0 giant club!
You slash the ogre!
The ogre is severely wounded.
The ogre hits you with a +0 giant club.
You slash the ogre!
You feel better.
The ogre is almost dead.
The ogre hits you with a +0 giant club!!
You die...

#..........########...
#.$............)..#..#
#.............###.#...
#..........##.# #.#.##
#....).....##.# #.#.#
#.$...))...##.###.#.#
##...)..#.........#.#
#.....:#.....#####.#
#...@..............#
#...O...#.....#######
#....!..#........#
#...#.#.####.....#
#...#.#.# #.....#
#...#.#.# #.....#
#.....#.# #.....# ###
### #.....# #.....#


You could see an ogre.

Vanquished Creatures
  Grinder (D:6)
  Eustachio (D:6)
  A steam dragon (D:5)
  Menkaure (D:7)
  A water moccasin (D:5)
  2 black bears (D:6)
  An orc warrior (D:6)
  3 ogres
  2 necrophages
  Blork the orc (D:5)
  2 bullfrogs (D:6)
  A scorpion (D:5)
  4 wights (D:7)
  4 crimson imps (D:6)
  5 hounds
  5 orc priests
  3 jellies
  An iguana (D:5)
  A human skeleton (D:4)
  5 orc wizards
  Robin (D:4)
  7 adders
  3 gnolls (D:4)
  A white imp (D:6)
  An ufetubus (D:4)
  A worm (D:1)
  A dart slug (D:2)
  21 orcs
  7 endoplasms
  6 giant cockroaches
  8 hobgoblins
  5 jackals
  4 quokkas
  8 ball pythons
  6 bats
  2 frilled lizards
  16 goblins
  11 kobolds
  4 rats
158 creatures vanquished.

Vanquished Creatures (others)
  2 plants (D:1)
2 creatures vanquished.

Grand Total: 160 creatures vanquished

Notes
Turn   | Place    | Note
-------+----------+-------------------------------------------
     0 | D:1      | qw the Gargoyle Berserker began the quest for the Orb.
     0 | D:1      | Reached XP level 1. HP: 14/14 MP: 1/1
     0 | D:1      | 0 ||| qw: Version: 0.1-a-103-gd6f5d3a
     0 | D:1      | 0 ||| qw: Game counter: 5449
     0 | D:1      | 0 ||| qw: Always use a shield: true
     0 | D:1      | 0 ||| qw: Do Orc after D:15 true
     0 | D:1      | 0 ||| qw: Do second Lair branch before Depths: true
     0 | D:1      | 0 ||| qw: Lair rune preference: random
     0 | D:1      | 0 ||| qw: Plans: Normal
     0 | D:1      | 0 ||| PLANNING D:1-11
    29 | D:1      | 29 ||| INVOKING Berserk.
    36 | D:1      | Reached skill level 3 in Axes
   204 | D:1      | Reached XP level 2. HP: 13/19 MP: 2/2
   370 | D:1      | 370 ||| Stepping ~*~*~tactically~*~*~ (stealth).
   657 | D:1      | 657 ||| Stepping ~*~*~tactically~*~*~ (stealth).
   679 | D:1      | 679 ||| INVOKING Berserk.
   864 | D:1      | Reached XP level 3. HP: 20/23 MP: 3/3
   895 | D:1      | 895 ||| Stepping ~*~*~tactically~*~*~ (stealth).
   922 | D:1      | 922 ||| Stepping ~*~*~tactically~*~*~ (stealth).
  1410 | D:1      | Reached ** piety under Trog
  1411 | D:1      | Reached skill level 4 in Axes
  1465 | D:1      | 1465 ||| UPGRADING to +0 ring mail.
  1475 | D:1      | 1475 ||| DROPPING +0 animal skin.
  1476 | D:1      | 1476 ||| UPGRADING to +4 ring of protection.
  1477 | D:1      | 1477 ||| READING 2 scrolls labelled PUMO ITYHE.
  1478 | D:1      | 1478 ||| READING scroll labelled VISUUN JOOHE.
  1479 | D:1      | 1479 ||| DRINKING 2 coppery potions.
  1480 | D:1      | 1480 ||| DROPPING potion of flight.
  1688 | D:2      | Found Waidgh's General Store.
  1697 | D:2      | 1697 ||| BUYING +0 war axe (49 gold).
  1697 | D:2      | Bought a +0 war axe for 49 gold pieces
  1697 | D:2      | 1697 ||| SWAPPING to +0 war axe.
  1698 | D:2      | 1698 ||| DROPPING +0 hand axe.
  1756 | D:2      | 1756 ||| Stepping ~*~*~tactically~*~*~ (stealth).
  1846 | D:2      | 1846 ||| Stepping ~*~*~tactically~*~*~ (stealth).
  1855 | D:2      | Reached XP level 4. HP: 26/28 MP: 4/4
  1874 | D:2      | 1874 ||| Stepping ~*~*~tactically~*~*~ (stealth).
  1938 | D:2      | 1938 ||| Stepping ~*~*~tactically~*~*~ (stealth).
  2038 | D:2      | 2038 ||| Stepping ~*~*~tactically~*~*~ (hiding).
  2039 | D:2      | 2039 ||| Stepping ~*~*~tactically~*~*~ (hiding).
  2305 | D:2      | 2305 ||| UPGRADING to +0 pair of gloves.
  2310 | D:2      | 2310 ||| UPGRADING to +0 chain mail.
  2320 | D:2      | 2320 ||| DROPPING +0 ring mail.
  2321 | D:2      | 2321 ||| UPGRADING to ring of see invisible.
  2322 | D:2      | 2322 ||| DRINKING 2 smoky clear potions.
  2322 | D:2      | Gained mutation: Your magical capacity is low. (-10% MP)
                  | [potion of mutation]
  2322 | D:2      | Gained mutation: You are somewhat resistant to further
                  | mutation. [potion of mutation]
  2323 | D:2      | 2323 ||| READING 4 scrolls of identify.
  2323 | D:2      | 2323 ||| IDENTIFYING sapphire potion
  2324 | D:2      | 2324 ||| READING 3 scrolls of identify.
  2324 | D:2      | 2324 ||| IDENTIFYING grey potion
  2325 | D:2      | 2325 ||| READING 2 scrolls of identify.
  2325 | D:2      | 2325 ||| IDENTIFYING murky golden potion
  2326 | D:2      | 2326 ||| DROPPING potion of invisibility.
  2505 | D:3      | 2505 ||| Stepping ~*~*~tactically~*~*~ (stealth).
  2542 | D:3      | 2542 ||| DROPPING +0 mace.
  2596 | D:3      | Reached skill level 5 in Axes
  2675 | D:3      | Reached XP level 5. HP: 32/32 MP: 4/4
  2959 | D:3      | 2959 ||| READING scroll labelled ZUIK GIUTYG.
  2960 | D:3      | 2960 ||| READING scroll labelled EPTOGRYOZU.
  2961 | D:3      | 2961 ||| READING 2 scrolls labelled VUALOL MIWUEM.
  2962 | D:3      | 2962 ||| DROPPING scroll of fear.
  3015 | D:4      | Noticed an ogre
  3016 | D:4      | 3016 ||| INVOKING Berserk.
  3023 | D:4      | Killed an ogre
  3024 | D:4      | Reached XP level 6. HP: 38/40 MP: 5/5
  3037 | D:4      | Reached *** piety under Trog
  3386 | D:4      | You fall into a shaft and drop 1 floor!
  3386 | D:5      | Entered Level 5 of the Dungeon
  3389 | D:5      | 3389 ||| Stepping ~*~*~tactically~*~*~ (stealth).
  3392 | D:5      | Found a staircase to the Ecumenical Temple.
  3393 | D:5      | 3393 ||| Stepping ~*~*~tactically~*~*~ (stealth).
  3401 | D:5      | 3401 ||| INVOKING Berserk.
  3653 | D:5      | Found a white marble altar of Elyvilon.
  3678 | D:5      | 3678 ||| READING 3 scrolls of identify.
  3678 | D:5      | 3678 ||| IDENTIFYING fuming amethyst potion
  3679 | D:5      | 3679 ||| READING 2 scrolls of identify.
  3679 | D:5      | 3679 ||| IDENTIFYING bubbling emerald potion
  3680 | D:5      | Noticed a steam dragon
  3681 | D:5      | 3681 ||| Stepping ~*~*~tactically~*~*~ (hiding).
  3686 | D:5      | 3686 ||| INVOKING Berserk.
  3691 | D:5      | Killed a steam dragon
  3692 | D:5      | Reached skill level 6 in Axes
  3692 | D:5      | Reached XP level 7. HP: 44/44 MP: 6/6
  3876 | D:4      | Found a runed translucent door.
  3876 | D:4      | Noticed a human
  3880 | D:4      | 3880 ||| Stepping randomly (stuck).
  3882 | D:4      | Found a basalt altar of Yredelemnul.
  3931 | D:4      | Noticed Robin
  3937 | D:4      | 3937 ||| INVOKING Berserk.
  3938 | D:4      | Killed Robin
  3969 | D:4      | Reached skill level 3 in Armour
  3973 | D:4      | 3973 ||| FLEEEEING.
  3974 | D:4      | 3974 ||| FLEEEEING.
  3975 | D:4      | 3975 ||| FLEEEEING.
  3976 | D:4      | 3976 ||| FLEEEEING.
  3979 | D:4      | 3979 ||| STAIRDANCE
  4083 | D:4      | 4083 ||| SWAPPING to +2 vampiric hand axe.
  4084 | D:4      | 4084 ||| DROPPING +0 war axe.
  4110 | D:4      | Found a blossoming altar of Fedhas.
  4374 | D:4      | 4374 ||| UPGRADING to +2 helmet.
  4379 | D:4      | 4379 ||| READING scroll labelled HYTRUPH OSEENI.
  4421 | D:5      | 4421 ||| Stepping ~*~*~tactically~*~*~ (stealth).
  4512 | D:5      | Reached skill level 7 in Axes
  4560 | D:5      | 4560 ||| Stepping ~*~*~tactically~*~*~ (stealth).
  4564 | D:5      | 4564 ||| INVOKING Berserk.
  4568 | D:5      | Reached skill level 1 in Throwing
  4709 | D:5      | Found a runed translucent door.
  4710 | D:5      | Noticed Crazy Yiuf
  4755 | D:5      | Noticed Blork the orc
  4756 | D:5      | 4756 ||| Stepping ~*~*~tactically~*~*~ (hiding).
  4759 | D:5      | 4759 ||| INVOKING Berserk.
  4763 | D:5      | Killed Blork the orc
  4764 | D:5      | Reached XP level 8. HP: 49/49 MP: 7/7
  4924 | D:5      | 4924 ||| INVOKING Berserk.
  5106 | D:5      | 5106 ||| INVOKING Berserk.
  5117 | D:5      | Reached skill level 8 in Axes
  5330 | D:5      | Found a shimmering blue altar of Sif Muna.
  5330 | D:5      | Found a glowing golden altar of the Shining One.
  5509 | D:5      | 5509 ||| DROPPING +1 hat.
  5510 | D:5      | 5510 ||| READING scroll labelled UZUIFI LAURGHOCK.
  5511 | D:5      | 5511 ||| READING scroll labelled GAUCETSISK.
  5530 | D:5      | 5530 ||| READING 5 scrolls of identify.
  5530 | D:5      | 5530 ||| IDENTIFYING fuming white potion
  5531 | D:5      | 5531 ||| DROPPING potion of degeneration.
  5594 | D:6      | 5594 ||| INVOKING Berserk.
  5623 | D:6      | 5623 ||| FLEEEEING.
  5624 | D:6      | 5624 ||| FLEEEEING.
  5625 | D:6      | 5625 ||| STAIRDANCE
  5889 | D:6      | 5889 ||| INVOKING Berserk.
  5893 | D:6      | Reached skill level 6 in Fighting
  6085 | D:6      | 6085 ||| INVOKING Berserk.
  6090 | D:6      | Reached XP level 9. HP: 55/55 MP: 8/8
  6244 | D:6      | 6244 ||| READING scroll of enchant weapon.
  6244 | D:6      | 6244 ||| ENCHANTING +2 vampiric hand axe.
  6293 | D:6      | 6293 ||| Stepping ~*~*~tactically~*~*~ (hiding).
  6294 | D:6      | 6294 ||| Stepping ~*~*~tactically~*~*~ (hiding).
  6297 | D:6      | 6297 ||| DRINKING 2 potions of curing.
  6297 | D:6      | 6297 ||| (to cure confusion)
  6304 | D:6      | Reached skill level 9 in Axes
  6374 | D:6      | Found a shimmering altar of Xom.
  6385 | D:6      | 6385 ||| Stepping ~*~*~tactically~*~*~ (hiding).
  6386 | D:6      | 6386 ||| Stepping ~*~*~tactically~*~*~ (hiding).
  6408 | D:6      | 6408 ||| Stepping ~*~*~tactically~*~*~ (hiding).
  6569 | D:6      | 6569 ||| INVOKING Berserk.
  6694 | D:6      | 6694 ||| DROPPING +0 whip of venom.
  6704 | D:6      | Noticed Eustachio
  6712 | D:6      | 6712 ||| INVOKING Berserk.
  6721 | D:6      | Killed Eustachio
  6837 | D:6      | Noticed Grinder
  6838 | D:6      | 6838 ||| Stepping ~*~*~tactically~*~*~ (hiding).
  6839 | D:6      | 6839 ||| Stepping ~*~*~tactically~*~*~ (hiding).
  6843 | D:6      | 6843 ||| Stepping ~*~*~tactically~*~*~ (hiding).
  6846 | D:6      | 6846 ||| INVOKING Trog's Hand.
  6847 | D:6      | 6847 ||| INVOKING Berserk.
  6862 | D:6      | Killed Grinder
  7067 | D:6      | 7067 ||| UPGRADING to +0 plate armour.
  7077 | D:6      | 7077 ||| DROPPING +0 chain mail.
  7078 | D:6      | 7078 ||| DROPPING ring of protection from cold.
  7079 | D:6      | 7079 ||| READING scroll labelled MUCWIRCHAPT.
  7080 | D:6      | 7080 ||| READING 5 scrolls of identify.
  7080 | D:6      | 7080 ||| IDENTIFYING inky potion
  7116 | D:7      | 7116 ||| INVOKING Berserk.
  7262 | D:7      | 7262 ||| INVOKING Berserk.
  7373 | D:7      | Noticed Menkaure
  7376 | D:7      | 7376 ||| INVOKING Berserk.
  7382 | D:7      | Killed Menkaure
  7383 | D:7      | Reached skill level 6 in Armour
  7585 | D:7      | 7585 ||| INVOKING Berserk.
  7588 | D:7      | HP: 19/85 [wight/+3 trident (4)]
  7593 | D:7      | HP: 10/85 [wight/+3 trident (2)]
  7599 | D:7      | 7599 ||| DRINKING 2 potions of heal wounds.
  7599 | D:7      | HP: 5/57 [ogre/+0 giant club (21)]
  7600 | D:7      | 7600 ||| DRINKING potion of heal wounds.
  7603 | D:7      | Mangled by an ogre

Levels and vault maps discovered:
D:1:      onia_arrival_mini_maze_b, layout_basic, serial_bayou_pond_e
D:2:      layout_basic, serial_shops, nicolae_shop_statue_plus,
          amcnicky_mini_corridor_feature
D:3:      layout_loops_ring
D:4:      layout_loops_ring, fedhas_altar_3, dk_yredelemnul_ordeal, uniq_robin
D:5:      layout_rooms, kennysheep_mini_moat, gammafunk_temple_overflow_wave,
          minmay_temple_entry_statues_pillars, uniq_crazy_yiuf_cottage,
          uniq_blork_the_orc
D:6:      layout_cave_pools, led_xom_imps, kennysheep_nondescript,
          nicolae_elevator_lobby_plus, uniq_grinder, uniq_eustachio
D:7:      layout_basic, uniq_menkaure

Skill      XL: |  1  2  3  4  5  6  7  8  9 |
---------------+----------------------------+-----
Axes           | 3 4 5 6 7 8 9 |  9.6
Fighting       | 5 6 7 |  7.1
Armour         | 3 4 6 |  6.1
Throwing       | 1 |  1.9
Dodging        | |  1.5

Action                   |  1- 3 |  4- 6 |  7- 9 || total
-------------------------+-------+-------+-------++-------
Melee: Hand axe          |    82 |       |   191 ||   273
       Punch             |     2 |     2 |     3 ||     7
       War axe           |     9 |   128 |    53 ||   190
Throw: Boomerang         |    44 |    35 |    47 ||   126
Invok: Berserk           |     2 |     3 |    15 ||    20
       Trog's Hand       |       |       |     1 ||     1
  Use: Scroll            |     2 |     8 |     7 ||    17
       Potion            |     1 |     1 |     3 ||     5
Armor: Animal skin       |    18 |       |       ||    18
       Ring mail         |    16 |    12 |       ||    28
       Chain mail        |       |    74 |   123 ||   197
       Plate armour      |       |       |    17 ||    17
Dodge: Dodged            |    41 |    65 |    73 ||   179

Table legend:
 A = Non-vault XP
 B = Vault XP
 C = Vault XP percentage of total XP
 D = Non-vault monster count
 E = Vault monster count
 F = Vault count percentage of total count
                 A         B        C        D         E       F
            +---------+---------+-------+---------+---------+-------
      Total |    2907 |    1006 |  25.7 |     138 |      20 |  12.7
            +---------+---------+-------+---------+---------+-------
        D:1 |      46 |       6 |  11.5 |      28 |       1 |   3.4
        D:2 |      76 |       0 |   0.0 |      23 |       0 |   0.0
        D:3 |      53 |       0 |   0.0 |      17 |       0 |   0.0
        D:4 |     253 |      70 |  21.7 |      21 |      11 |  34.4
        D:5 |    1015 |      90 |   8.1 |      19 |       1 |   5.0
        D:6 |    1061 |     668 |  38.6 |      22 |       6 |  21.4
        D:7 |     403 |     172 |  29.9 |       8 |       1 |  11.1
            +---------+---------+-------+---------+---------+-------
